 Dungeon Crawl Stone Soup version 0.25-a0-1133-g93ebf73 (webtiles) character file.

Game seed: 9569323637067636720, levelgen mode: deterministic

109 thirtiethelement the Chopper (level 4, -2/28 HPs)
             Began as an Octopode Wanderer on May 21, 2020.
             Was a Follower of Fedhas.
             Killed from afar by a hobgoblin (18 damage)
             ... with an iceblast
             ... on level 3 of the Dungeon.
             The game lasted 00:12:19 (2129 turns).

thirtiethelement the Chopper (Octopode Wanderer)    Turns: 2129, Time: 00:12:20

Health: -2/28      AC:  1    Str: 10    XL:     4   Next: 89%
Magic:  7/7        EV: 12    Int: 14    God:    Fedhas [*.....]
Gold:   127        SH:  0    Dex: 13    Spells: 6/7 levels left

rFire    . . .     SeeInvis .   p - +2 whip (holy)
rCold    . . .     Gourm    .   (no shield)
rNeg     . . .     Faith    .   (helmet restricted)
rPois    .         Spirit   .   (no amulet)
rElec    .         Reflect  .   (no ring)
rCorr    .         Harm     .   (no ring)
MR       .....                  (no ring)
Stlth    +++.......             (no ring)
HPRegen  0.09/turn              (no ring)
MPRegen  0.10/turn              (no ring)
                                (no ring)
                                (no ring)

@: no status effects
A: almost no armour, stealthy swim, amphibious, 8 rings, constrict 8, camouflage
1, gelatinous body 1
a: Renounce Religion


You were on level 3 of the Dungeon.
You worshipped Fedhas.
Fedhas was aware of your devotion.
You were hungry.

You visited 1 branch of the dungeon, and saw 3 of its levels.

You collected 127 gold pieces.

Inventory:

Hand Weapons
 a - a +0 hand axe
 p - a +2 whip of holy wrath (weapon)
Jewellery
 b - an uncursed ring of fire
Wands
 n - a wand of acid (8)
Scrolls
 c - a scroll of fog {unknown}
 g - 2 scrolls of amnesia {unknown}
 h - 2 scrolls of noise {unknown}
 i - a scroll of remove curse {unknown}
 j - a scroll of blinking {unknown}
 k - 2 scrolls of enchant weapon {unknown}
 l - 4 scrolls of identify {unknown}
 o - a scroll of teleportation {unknown}
Potions
 e - a potion of cancellation {unknown}
 f - a potion of stabbing {unknown}
 m - 3 potions of curing {unknown}
 q - a potion of haste {unknown}
Comestibles
 d - 7 rations


   Skills:
 + Level 1.2 Fighting
 + Level 5.1 Axes
 + Level 0.2(3.1) Maces & Flails
 + Level 1.0 Throwing
 + Level 0.8 Dodging
 + Level 1.0 Stealth
 * Level 2.3 Spellcasting
 + Level 2.1 Ice Magic
 + Level 1.1 Evocations


You had 6 spell levels left.
You knew the following spells:

 Your Spells              Type           Power        Failure   Level  Hunger
a - Freeze                Ice            #...         10%         1    #......

Your spell library contained the following spells:

 Spells                   Type           Power        Failure   Level  Hunger
 Foxfire                  Conj/Fire      #...         24%         1    #......
 Frozen Ramparts          Ice            #.....       28%         3    ###....
 Ozocubu's Armour         Chrm/Ice       #.......     41%         3    ###....
 Ignite Poison            Fire/Tmut/Pois #.......     56%         3    ###....
 Hailstorm                Conj/Ice       #.......     83%         4    #####..
 Summon Ice Beast         Ice/Summ       #.......     83%         4    #####..


Dungeon Overview and Level Annotations

Branches:
Dungeon (3/15)

Altars:
Fedhas


Innate Abilities, Weirdness & Mutations

You cannot wear most types of armour.
You are very stealthy in the water. (Stealth+)
You are amphibious.
You can wear up to eight rings at the same time.
You can use your tentacles to constrict eight enemies at once.
Your skin changes colour to match your surroundings (Stealth+).
Your rubbery body absorbs attacks. (AC +1, EV +1)


Message History

You kill the jackal!
Fedhas accepts your kill.
You start resting.
A hobgoblin comes into view. It is wielding a -2 club.
The hobgoblin shouts!
The hobgoblin closely misses you.
You closely miss the hobgoblin. Your grab misses the hobgoblin.
The hobgoblin misses you.
You hit the hobgoblin.
You kill the hobgoblin!
Fedhas accepts your kill.
Things that are here:
a cursed -2 club; a hobgoblin corpse A hobgoblin comes into view.
It is wielding a -1 club and carrying a wand of iceblast (3).
The hobgoblin shouts!
A bat comes into view.
The hobgoblin zaps a wand.
The mass of ice explodes!
The iceblast engulfs you!!
Ouch! That really hurt!
You die...
Fedhas appreciates your contribution to the ecosystem.

####################.############
...............(.................
###################..############
.......... ........
.#.################..############
.#.#......................)......
.#...................###.........
.#...................# #.........
.....<..........@...## #.........
.......#.............# #####.....
.......# ........g...# #.....
.#...#.# ............# #.....
.#.....# .............. ........
........ #........##.... ........
.........#.b......# .............
..... ...#........# ........#####
...


You could see a hobgoblin and a bat.

Vanquished Creatures
  3 adders (D:2)
  An ooze (D:1)
  2 worms (D:2)
  3 dart slugs (D:1)
  4 leopard geckos
  5 giant cockroaches
  5 goblins
  7 hobgoblins
  6 jackals (D:3)
  A ball python (D:3)
  4 bats (D:1)
  4 frilled lizards
  11 kobolds
  5 rats
61 creatures vanquished.

Notes
Turn   | Place    | Note
-------+----------+-------------------------------------------
     0 | D:1      | thirtiethelement the Octopode Wanderer began the quest for
                  | the Orb.
     0 | D:1      | thirtiethelement set off with the following items: a +0
                  | hand axe, a ration; and the following spells available to
                  | memorise: Freeze, Foxfire, Frozen Ramparts, Ozocubu's
                  | Armour, Ignite Poison, Hailstorm, Summon Ice Beast
     0 | D:1      | Reached XP level 1. HP: 13/13 MP: 2/2
     2 | D:1      | Learned a level 1 spell: Freeze
    56 | D:1      | Reached XP level 2. HP: 16/18 MP: 4/4
   230 | D:1      | Reached XP level 3. HP: 23/23 MP: 2/5
   798 | D:2      | Reached XP level 4. HP: 23/28 MP: 6/6
   899 | D:2      | Reached skill level 5 in Axes
  2024 | D:3      | Found a faded altar of an unknown god.
  2044 | D:3      | Became a worshipper of Fedhas Madash
  2044 | D:3      | Reached * piety under Fedhas
  2079 | D:3      | Reached skill level 1 in Stealth
  2129 | D:3      | Killed from afar by a hobgoblin

Illustrated notes

Levels and vault maps discovered:
D:1:      erik_arrival_triangle_huge, layout_basic
D:2:      layout_loops_corners, kennysheep_generic_room_14
D:3:      layout_basic, nicolae_overflow_crystal_walls,
          chequers_ecumenical_altar_simple_redux, gammafunk_ghost_grave

Skill      XL: |  1  2  3  4 |
---------------+-------------+-----
Axes           | 5 |  5.1
Spellcasting   | 2 |  2.3
Stealth        | 1 |  1.0
Fighting       | |  1.2
Maces & Flails | |  0.2
Throwing       | |  1.0
Dodging        | |  0.8
Ice Magic      | |  2.1
Evocations     | |  1.1

Action                   |  1- 3 |  4- 6 || total
-------------------------+-------+-------++-------
Melee: Hand axe          |    62 |    37 ||    99
       Constrict         |    15 |    13 ||    28
       Tentacles         |     9 |     7 ||    16
       Whip              |       |    25 ||    25
 Cast: Freeze            |     8 |     3 ||    11
 Stab: Sleeping          |     6 |     8 ||    14
  Eat: Ration            |       |     1 ||     1
Armor: Skin              |     8 |     4 ||    12
Dodge: Dodged            |    36 |    41 ||    77

Table legend:
 A = Non-vault XP
 B = Vault XP
 C = Vault XP percentage of total XP
 D = Non-vault monster count
 E = Vault monster count
 F = Vault count percentage of total count
                 A         B        C        D         E       F
            +---------+---------+-------+---------+---------+-------
      Total |     151 |       5 |   3.2 |      59 |       2 |   3.3
            +---------+---------+-------+---------+---------+-------
        D:1 |      50 |       0 |   0.0 |      24 |       0 |   0.0
        D:2 |      83 |       5 |   5.7 |      25 |       2 |   7.4
        D:3 |      18 |       0 |   0.0 |      10 |       0 |   0.0
            +---------+---------+-------+---------+---------+-------
